cohdb
Replays
Latest Replays
All Replays
Popular Replays
Top Player Replays
Match Explorer
How It Works
Community
CoH3 Stats
Reddit
Sign in to upload your games and track your stats! →
Sign in with Steam
Match 42017072
Unlisted
Match 42017072
Overview
Messages
Build Orders
End
Pioneer Squad
Construct Infanterie Kompanie
Grenadier Squad
MG 42 Machine Gun Team
Grenadier Squad
Selects Breakthrough Battlegroup
Selects Assault Grenadiers
Grenadier Squad
Infanterie Officer Quarters
Medical Bunker
Selects Breakthrough
Selects Mechanized Assault Group
Construct Panzergrenadier Kompanie
Pak 40 Anti-tank Gun Team
Pak 40 Anti-tank Gun Team
Support Elements
Selects Rapid Production
Selects Blitzkrieg
秃鹫k
【POW】游骑
CAuMOH
Kitsuné
0
0
Comments
sign in to comment!
No comments posted yet!